 Dungeon Crawl Stone Soup version 0.28.0 (webtiles) character file.

Game seed: 8587224223173855009

471 ProzacElf the Ruffian (level 6, -4/47 HPs)
             Began as a Troll Hedge Wizard on Feb 13, 2022.
             Was a Believer of Hepliaklqana.
             Slain by a black bear (7 damage)
             ... on level 6 of the Dungeon.
             The game lasted 00:07:05 (3298 turns).

ProzacElf the Ruffian (Troll Hedge Wizard)          Turns: 3298, Time: 00:07:06

Health: -4/47      AC:  4    Str: 19    XL:     6   Next: 83%
Magic:  8/8        EV:  7    Int: 10    God:    Hepliaklqana [**....]
Gold:   197        SH:  9    Dex: 11    Spells: 8/9 levels left

rFire   . . .      SeeInvis .     - Unarmed
rCold   . . .      Faith    .   j - +0 tower shield
rNeg    + . .      Spirit   .   b - +0 robe
rPois   .          Reflect  .   c - +0 hat
rElec   .          Harm     .   (no cloak)
rCorr   .          Rampage  .   (gloves unavailable)
Will    .....                   (boots unavailable)
Stlth   +.........              (no amulet)
HPRegen 0.95/turn               s - ring of positive energy
MPRegen 0.11/turn               (no ring)

@: no status effects
A: reduced essence, large, unfitting armour, claws 3, regeneration 1, shaggy fur
1, tough skin 1
a: Renounce Religion, Recall Ancestor, Ancestor Identity


You were on level 6 of the Dungeon.
You worshipped Hepliaklqana.
Hepliaklqana was pleased with you.
You visited 1 branch of the dungeon, and saw 6 of its levels.

You collected 197 gold pieces.

Inventory:

Hand Weapons
 d - a +0 dagger
 t - a +3 flail
Missiles
 g - 3 boomerangs (quivered)
 p - 126 stones
Armour
 b - a +0 robe (worn)
 c - a +0 hat (worn)
 h - an orb of energy
 j - a +0 tower shield (worn)
Jewellery
 s - a ring of positive energy (left claw)
Scrolls
 a - a scroll of amnesia {unknown}
 f - a scroll of enchant armour {unknown}
 i - 4 scrolls of identify {unknown}
 n - 2 scrolls of fear {unknown}
 r - a scroll of silence {unknown}
 u - a scroll of enchant weapon {unknown}
 w - a scroll of torment {unknown}
Potions
 e - 2 potions of attraction {unknown}
 k - 2 potions of heal wounds {unknown}
 l - a potion of brilliance {unknown}
 m - 2 potions of magic {unknown}
 o - a potion of berserk rage {unknown}
 q - a potion of curing {unknown}
 v - a potion of flight {unknown}


   Skills:
 + Level 4.4 Dodging
 - Level 1.0 Stealth
 + Level 4.8 Unarmed Combat
 - Level 2.0 Spellcasting
 - Level 0.6 Conjurations
 - Level 0.6 Summonings
 - Level 0.6 Translocations


You had 8 spell levels left.
You knew the following spells:

 Your Spells              Type           Power      Damage    Failure   Level
a - Magic Dart            Conj           8%         1d3       92%         1

Your spell library contained the following spells:

 Spells                   Type           Power      Damage    Failure   Level
 Foxfire                  Conj/Fire      4%         2x1d4     95%         1
 Slow                     Hex            4%         N/A       96%         1
 Blink                    Tloc           4%         N/A       98%         2
 Call Imp                 Summ           2%         N/A       98%         2
 Conjure Flame            Conj/Fire      1%         6-21      100%        3
 Inner Flame              Hex/Fire       1%         N/A       100%        3
 Mephitic Cloud           Conj/Pois/Air  1%         N/A       100%        3
 Flame Wave               Conj/Fire      1%         2d4       100%        4


Dungeon Overview and Level Annotations

Branches:
Dungeon (6/15)
 Temple: D:4-7

Altars:
Hepliaklqana


Innate Abilities, Weirdness & Mutations

Your life essence is reduced to manifest your ancestor. (-10% HP)
You are too large for most types of armour.
You have claws for hands.
Your natural rate of healing is unusually fast.
You are covered in fur. (AC +1)
You have tough skin. (AC +1)


Message History

Tha centaur skeleton be severely damaged.
Ye block tha centaur skeleton's attack.
Tha centaur skeleton barely misses ye. x2
Tha centaur skeleton kicks ye.
Ye take 1 damage, an' haf 44/47 hp.
Ye scratch tha centaur skeleton.
Tha centaur skeleton be severely damaged.
Tha bullfrog hits ye!
Tha centaur skeleton hits ye.
Tha centaur skeleton kicks ye but does nay damage.
Ye block tha bullfrog's attack.
Ye block tha black bear's attack.
Tha black bear claws ye but does nay damage. x2
Tha centaur skeleton hits ye.
Tha centaur skeleton kicks ye but does nay damage.
Ye take 11 damage, an' haf 33/47 hp.
MASSIVE DAMAGE!!
Ye scratch tha centaur skeleton.
Tha centaur skeleton be almost destroyed.
Tha bullfrog hits ye.
Tha centaur skeleton hits ye but does nay damage.
Ye block tha centaur skeleton's attack.
Tha black bear bites ye but does nay damage.
Tha black bear claws ye but does nay damage.
Ye block tha black bear's attack.
Tha bullfrog hits ye but does nay damage.
Ye take 3 damage, an' haf 30/47 hp.
Ye scratch tha centaur skeleton.
Ye destroy tha centaur skeleton!
Tha bullfrog hits ye.
Tha black bear bites ye.
Tha black bear claws ye.
Tha black bear barely misses ye.
Tha bullfrog hits ye.
Ye take 14 damage, an' haf 16/47 hp.
MASSIVE DAMAGE!!
Ye be too injured ta fight recklessly!
Ye be too injured ta fight recklessly!
Ye scratch tha bullfrog but do nay damage.
Tha bullfrog hits ye!
* * * LOW HITPOINT WARNIN'
* * * Tha black bear bites ye.
* * * LOW HITPOINT WARNIN'
* * * Tha black bear barely misses ye.
Ye block tha black bear's attack.
Tha bullfrog hits ye.
* * * LOW HITPOINT WARNIN'
* * * Tha black bear bites ye!
Ye die...

#..!.......#
#..........#
#..........###
##............
.#.............
...............
.#.....<.......
...............
#......@.......
#.....h.F......
#..............
#.......#......
...............
...$....#..#...
.#......#.##...
..##.### ..


You could see a black bear and a bullfrog.

Vanquished Creatures
  A hound (D:5)
  A centaur skeleton (D:6)
  5 gnolls
  An adder (D:2)
  A worm (D:3)
  4 orcs
  6 endoplasms
  A giant cockroach (D:1)
  7 goblins
  2 hobgoblins
  2 kobolds
  4 quokkas
  10 ball pythons
  5 bats
  8 frilled lizards (D:1)
  6 rats
64 creatures vanquished.

Vanquished Creatures (collateral kills)
  Grinder (D:5)
  2 iguanas
  A gnoll (D:4)
  2 adders (D:4)
  An orc (D:5)
  A goblin (D:4)
  2 hobgoblins (D:4)
10 creatures vanquished.

Vanquished Creatures (others)
  2 battlemagi (D:5)
  6 plants (D:1)
8 creatures vanquished.

Grand Total: 82 creatures vanquished

Notes
Turn   | Place    | Note
-------+----------+-------------------------------------------
     0 | D:1      | ProzacElf the Troll Hedge Wizard began the quest for the
                  | Orb.
     0 | D:1      | Reached XP level 1. HP: 16/16 MP: 2/2
   223 | D:1      | Reached skill level 1 in Unarmed Combat
   229 | D:1      | Reached XP level 2. HP: 24/24 MP: 4/4
   824 | D:2      | Reached XP level 3. HP: 29/31 MP: 5/5
  1682 | D:2      | Reached XP level 4. HP: 33/39 MP: 6/6
  1789 | D:3      | Found a faded altar of an unknown god.
  1797 | D:3      | Prayed at the altar of an unknown god.
  1797 | D:3      | Became a worshipper of Hepliaklqana the Forgotten
  1797 | D:3      | Reached * piety under Hepliaklqana
  2353 | D:4      | Reached XP level 5. HP: 40/40 MP: 7/7
  2618 | D:4      | Reached ** piety under Hepliaklqana
  2619 | D:4      | Remembered your ancestor Tone Loc as a battlemage
  2943 | D:5      | Entered Level 5 of the Dungeon
  3147 | D:5      | Noticed Grinder
  3158 | D:5      | Killed Grinder
  3159 | D:5      | Reached XP level 6. HP: 36/47 MP: 8/8
  3225 | D:5      | Noticed a two-headed ogre
  3225 | D:5      | Noticed a troll
  3298 | D:6      | Slain by a black bear

Illustrated notes

Levels and vault maps discovered:
D:1:      dpeg_arrival_subterranean_lakeside_camping, layout_rooms,
          chequers_avenue, minmay_lizard_king
D:2:      layout_basic
D:3:      layout_rooms, shapermc_ecumenical_altar_starsandcircs,
          minmay_misc_feat_square, serial_park_tiny_1, st_stairs_13
D:4:      layout_layer_cave
D:5:      kennysheep_big_flooded_room, layout_basic, marbit_many_paths,
          serial_co_window_serial, co_window_paths_a, co_window_paths_b,
          co_window_paths_a, co_window_paths_b, co_window_corner_a,
          co_window_corner_a, co_window_paths_b, co_window_of_opportunity_a,
          co_window_paths_a, co_window_corner_b, co_window_2corner,
          co_window_of_opportunity_b, co_window_corner_cb, co_window_paths_d,
          glass_columns_a, glass_columns_c, glass_columns_a,
          nicolae_shop_sticking_my_neck_out, uniq_grinder, uniq_menkaure
D:6:      layout_rooms, gammafunk_ghost_grave, minmay_fire_ice_demons,
          uniq_maggie, uniq_edmund

Skill      XL: |  1  2  3  4  5 |
---------------+----------------+-----
Unarmed Combat | 1 2 3 4 |  4.8
Dodging        | 2 3 4 |  4.4
Stealth        | |  1.0
Spellcasting   | |  2.0
Conjurations   | |  0.6
Summonings     | |  0.6
Translocations | |  0.6

Action                   |  1- 3 |  4- 6 || total
-------------------------+-------+-------++-------
Melee: Unarmed           |   157 |    95 ||   252
       Punch             |     1 |       ||     1
Invok: Ancestor Identity |       |     1 ||     1
       Ancestor Life: Ba |       |     1 ||     1
 Stab: Sleeping          |     1 |     3 ||     4
       Distracted        |       |     1 ||     1
Armor: Robe              |    66 |    34 ||   100
Dodge: Dodged            |    73 |    28 ||   101
Block: Tower shield      |    29 |    57 ||    86
